 Dungeon Crawl Stone Soup version 0.30-a0-1082-g70414cbcbb (webtiles) character file.

Game seed: 3678834580906137755

763 Lavandula the Insei (level 7, 0/58 HPs)
             Began as a Naga Venom Mage on Apr 15, 2023.
             Was a Believer of Ru.
             Shot with an arrow by a centaur (13 damage)
             ... on level 6 of the Dungeon.
             The game lasted 00:14:52 (5190 turns).

Lavandula the Insei (Naga Venom Mage)               Turns: 5190, Time: 00:14:52

Health: 0/58       AC:  3    Str: 16    XL:     7   Next: 81%
Magic:  0/13       EV: 25    Int: 17    God:    Ru [**....]
Gold:   332        SH:  0    Dex: 12    Spells: 0/14 levels left

rFire   + . .      SeeInvis +      - Unarmed
rCold   . . .      Faith    .    (no shield)
rNeg    . . .      Spirit   .    a - +0 robe
rPois   +          Reflect  .    (no helmet)
rElec   .          Rampage  .    (no cloak)
rCorr   .                        (no gloves)
Will    .....                    (no barding)
Stlth   ++                       p - amulet of the acrobat
HPRegen 0.29/turn                i - +6 ring of strength
MPRegen 0.13/turn                q - ring of protection from fire

@: acrobatic, very slow
A: AC +2, large, see invisible, deformed body, poison resistance, slowness 2,
spit poison 1, inability to use devices, naga tail 1
a: Spit Poison, Renounce Religion


You were on level 6 of the Dungeon.
You worshipped Ru.
Ru was pleased with you.
You visited 2 branches of the dungeon, and saw 7 of its levels.

You collected 332 gold pieces.

Inventory:

Armour
 a - a +0 robe (worn)
 n - a +4 ring mail
Jewellery
 i - a +6 ring of strength (left hand)
 p - an amulet of the acrobat (around neck)
 q - a ring of protection from fire (right hand)
Scrolls
 c - 3 scrolls of teleportation
 d - 2 scrolls of amnesia
 e - a scroll of enchant weapon {unknown}
 g - a scroll of immolation {unknown}
 h - a scroll of blinking {unknown}
 j - a scroll of noise {unknown}
 k - a scroll of fear
 l - a scroll of poison
 o - 3 scrolls of enchant armour {unknown}
Potions
 b - a potion of magic
 f - 2 potions of curing
 m - 2 potions of ambrosia
 r - a potion of mutation


   Skills:
 + Level 1.9 Fighting
 - Level 1.5 Dodging
 - Level 3.0 Stealth
 - Level 6.1 Unarmed Combat
 - Level 4.0 Spellcasting
 - Level 1.0 Transmutations
 - Level 6.0 Poison Magic


You couldn't memorise any spells.
You knew the following spells:

 Your Spells              Type           Power      Damage    Failure   Level
a - Sting                 Tmut/Pois      60%        1d6       3%          1
b - Poisonous Vapours     Pois/Air       26%        N/A       7%          2
c - Olgreb's Toxic Radia  Pois           23%        N/A       13%         4
d - Blink                 Tloc           6%         N/A       24%         2
e - Mephitic Cloud        Conj/Pois/Air  10%        N/A       21%         3
f - Momentum Strike       Conj/Tloc      6%         3d8       24%         2

Your spell library contained the following spells:

 Spells                   Type           Power      Damage    Failure   Level
 Cigotuvi's Dreadful Rot  Necr/Pois/Air  20%        N/A       11%         2
 Apportation              Tloc           6%         N/A       16%         1
 Gell's Gravitas          Tloc           3%         N/A       43%         3
 Portal Projectile        Hex/Tloc       6%         N/A       43%         3
 Teleport Other           Tloc           3%         N/A       43%         3
 Tukima's Dance           Hex            3%         N/A       43%         3
 Alistair's Intoxication  Tmut/Pois      10%        N/A       71%         5
 Blade Hands              Tmut           3%         N/A       96%         5
 Dispersal                Tloc           1%         N/A       100%        6
 Malign Gateway           Summ/Tloc      1%         N/A       100%        7


Dungeon Overview and Level Annotations

Branches:
Dungeon (6/15)             Temple (1/1) D:4

Altars:
Ru
Sif Muna

Shops:
D:3 (

Annotations:
D:3 1 runed translucent door, Crazy Yiuf
D:4 Menkaure


Innate Abilities, Weirdness & Mutations

Your serpentine skin is tough. (AC +2)
You have supernaturally acute eyesight. (SInv)
Armour fits poorly on your strangely shaped body.
Your system is resistant to poisons. (rPois)
You cover ground very slowly.
You can spit poison.
You cannot study or use magical devices.
You have a snake-like lower body.


Message History

Aiming: Spit Poison (1% risk of failure)
Press: ? - help, Shift-Dir - straight line, f - centaur, p - centaur
Aim: a centaur, wielding a +0 shortbow (moderately wounded, very poisoned, 75% to hit)
The splash of poison misses the centaur.
The centaur shoots an arrow.
The arrow hits you!
You focus your inner power and blind the centaur in retribution!
A centaur comes into view.
The centaur shoots an arrow.
The arrow hits you!
The centaur shoots an arrow.
The arrow closely misses you.
Unknown command.
The centaur shoots an arrow.
The arrow completely misses you.
Unknown command.
Casting: Poisonous Vapours (safe; 7% risk of failure)
Confirm with . or Enter, or press ? or * to list all spells.
You begin to radiate toxic energy.
The centaur looks even sicker. x2
The centaur shoots an arrow.
The arrow hits you!
You hear a shout!
Unknown command.
Unknown command.
Unknown command.
The centaur looks as sick as possible!
You have got your breath back.
The centaur shoots an arrow.
The arrow hits you.
Your toxic aura wanes.
The centaur shoots an arrow.
The arrow closely misses you.
You hear a shout!
Casting: Olgreb's Toxic Radiance (dangerous; 13% risk of failure)
Confirm with . or Enter, or press ? or * to list all spells.
You begin to radiate toxic energy.
You kill the centaur!
The centaur shoots an arrow.
The arrow hits you!
* * * LOW HITPOINT WARNING * * *
Your Fighting skill increases to level 1!
Unknown command.
The centaur is poisoned.
Your toxic aura wanes.
The centaur wields a +0 shortbow.
The centaur shoots an arrow.
The arrow completely misses you.
The centaur shoots an arrow.
The arrow hits you!
You die...

#.# ##.###.#
#.###...##.#
#.##.###.#.#
#....# #...#
#.##.###.###
#.###...##
#.####.##
#...##.#
#@#.##.#
#.#.##..
#.#.#### #.#.#
........≈≈≈≈≈≈#
####.#≈≈≈≈≈≈≈≈≈
# ≈≈≈≈≈..≈≈≈
≈≈≈≈≈c####.
≈≈≈≈≈≈c#


You could see a centaur (very poisoned).

Vanquished Creatures
  Prince Ribbit (D:6)
  2 centaurs
  Blork the orc (D:4)
  A scorpion (D:4)
  2 hounds (D:4)
  An iguana (D:5)
  Robin (D:3)
  9 adders
  A shadow imp (D:5)
  3 dart slugs
  4 worms
  2 orcs
  6 ball pythons
  4 endoplasms
  4 giant cockroaches
  16 goblins
  8 hobgoblins
  10 jackals
  2 quokkas
  3 bats
  3 frilled lizards
  8 kobolds
  3 rats
95 creatures vanquished.

Notes
Turn   | Place    | Note
-------+----------+-------------------------------------------
     0 | D:1      | Lavandula the Naga Venom Mage began the quest for the Orb.
     0 | D:1      | Reached XP level 1. HP: 15/15 MP: 3/3
   171 | D:1      | Reached XP level 2. HP: 22/22 MP: 0/5
   253 | D:1      | Reached skill level 5 in Poison Magic
   282 | D:1      | Learned a level 2 spell: Poisonous Vapours
   623 | D:1      | Reached XP level 3. HP: 20/28 MP: 1/6
  1383 | D:2      | Got the Parchment of Discontinuous Vapour
  1669 | D:3      | Reached XP level 4. HP: 36/36 MP: 4/7
  1700 | D:3      | Learned a level 4 spell: Olgreb's Toxic Radiance
  1809 | D:3      | Found a runed translucent door.
  1810 | D:3      | Noticed Crazy Yiuf
  1851 | D:3      | Found Regawergh's Weapon Shoppe.
  2049 | D:3      | Noticed Robin
  2064 | D:3      | Killed Robin
  2316 | D:3      | Learned a level 2 spell: Blink
  2799 | D:4      | Noticed a scorpion
  2802 | D:4      | Killed a scorpion
  2803 | D:4      | Reached XP level 5. HP: 41/42 MP: 5/11
  2807 | D:4      | Learned a level 3 spell: Mephitic Cloud
  2855 | D:4      | Noticed Menkaure
  2932 | D:4      | Noticed Blork the orc
  3019 | D:4      | Killed Blork the orc
  3020 | D:4      | Reached XP level 6. HP: 23/49 MP: 3/12
  3220 | D:4      | Found a staircase to the Ecumenical Temple.
  3308 | Temple   | Entered the Ecumenical Temple
  3318 | Temple   | Became a worshipper of Ru the Awakened
  3864 | D:5      | Entered Level 5 of the Dungeon
  4187 | D:5      | Reached XP level 7. HP: 55/55 MP: 7/13
  4295 | D:5      | Learned a level 2 spell: Momentum Strike
  4720 | D:5      | Reached skill level 5 in Unarmed Combat
  4722 | D:5      | Gained mutation: You cannot study or use magical devices.
                  | [Ru sacrifice]
  4722 | D:5      | Reached * piety under Ru
  4722 | D:5      | Reached ** piety under Ru
  5080 | D:6      | Noticed Prince Ribbit
  5091 | D:6      | Killed Prince Ribbit
  5189 | D:6      | Reached skill level 1 in Fighting
  5190 | D:6      | Shot with an arrow by a centaur

Illustrated notes

Levels and vault maps discovered:
D:1:      dpeg_arrival_rhombi, layout_basic, interstate_on_off,
          serial_bayou_pond_b
D:2:      layout_loops_cross
D:3:      layout_loops_cross, serial_shops, nicolae_shop_bloodbath_and_beyond,
          nicolae_concentric_dashed_squares_mild, grunt_ministairs_3,
          uniq_robin, uniq_crazy_yiuf_cottage
D:4:      layout_basic, minmay_temple_entry_butterflies, uniq_blork_the_orc,
          uniq_menkaure
D:5:      layout_basic
D:6:      layout_loops_ring, general_overflow_altar, centaur_isle, uniq_edmund,
          uniq_prince_ribbit1, uniq_sigmund
Temple:   minmay_crystal_spiral_temple

Skill      XL: |  1  2  3  4  5  6  7 |
---------------+----------------------+-----
Poison Magic   | 5 6 |  6.0
Spellcasting   | 4 |  4.0
Unarmed Combat | 2 4 6 |  6.1
Fighting       | 1 |  1.9
Dodging        | |  1.5
Stealth        | |  3.0
Transmutations | |  1.0

Action                     |  1- 3 |  4- 6 |  7- 9 || total
---------------------------+-------+-------+-------++-------
  Melee: Unarmed           |    25 |    19 |     7 ||    51
   Cast: Sting             |    30 |    55 |     7 ||    92
         Poisonous Vapours |     4 |     9 |     5 ||    18
         Olgreb's Toxic Ra |       |     1 |     4 ||     5
         Blink             |       |     1 |       ||     1
         Momentum Strike   |       |       |     1 ||     1
 Invoke: Sacrifice Artific |       |       |     1 ||     1
Ability: Spit Poison       |    24 |    47 |     8 ||    79
    Use: Scroll            |     2 |     4 |     1 ||     7
 Armour: Robe              |    11 |    17 |     8 ||    36
  Dodge: Dodged            |    25 |    61 |     9 ||    95

Table legend: (Time is in decaauts)
 A = Elapsed time spent in this place.
 B = Non-inter-level travel time spent in this place.
 C = Inter-level travel time spent in this place.
 D = Time resting spent in this place.
 E = Time spent auto-exploring this place.
 F = Levels seen in this place.
 G = Mean time per level.
                   A        B        C        D        E       F      G
               +--------+--------+--------+--------+--------+-----+--------+
         Total |   6564 |   6220 |    344 |    262 |   5128 |   7 |  937.7 |
       Dungeon |   6540 |   6205 |    335 |    262 |   5118 |   6 | 1090.0 |
        Temple |     23 |     14 |      9 |      0 |      9 |   1 |   23.0 |
               +--------+--------+--------+--------+--------+-----+--------+

Top non-repeatable levels by time:
     D:5: 1469 daAuts
     D:4: 1451 daAuts
     D:3: 1390 daAuts
     D:2: 1071 daAuts
     D:1: 1029 daAuts
     D:6: 128 daAuts
  Temple: 23 daAuts
